 Dungeon Crawl Stone Soup version 0.22-a0-866-geee5034 (webtiles) character file.

2241 Leszczynek the Cruncher (level 9, 43/64 HPs)
             Began as a Deep Elf Monk on July 27, 2018.
             Was a Priest of Okawaru.
             Quit the game on level 9 of the Dungeon on July 28, 2018.
             The game lasted 00:35:17 (5337 turns).

Leszczynek the Cruncher (Deep Elf Monk)             Turns: 5337, Time: 00:35:18

Health: 43/64      AC: 13    Str: 14    XL:     9   Next: 14%
Magic:  13/13      EV: 13    Int: 19    God:    Okawaru [***...]
Gold:   261        SH:  0    Dex: 17    Spells: 8/8 levels left

rFire    . . .     SeeInvis .   a - +0 quarterstaff
rCold    . . .     Gourm    .   (shield currently unavailable)
rNeg     . . .     Faith    .   c - +0 ring mail
rPois    .         Spirit   .   (helmet restricted)
rElec    .         Reflect  .   p - +1 cloak
rCorr    .         Harm     .   (no gloves)
MR       .....     Clarity  +   (no boots)
Stlth    ++........             (no amulet)
HPRegen  0.20/turn              M - +4 ring of protection
MPRegen  0.13/turn              F - +6 ring of strength

@: no status effects
A: antennae 1, slimy green scales 1, clarity, robust 2
a: Heroism, Renounce Religion


You were on level 9 of the Dungeon.
You worshipped Okawaru.
Okawaru was most pleased with you.
You were not hungry.

You visited 1 branch of the dungeon, and saw 9 of its levels.
You also visited: Sewer.

You collected 261 gold pieces.

Inventory:

Hand Weapons
 a - a +0 quarterstaff (weapon)
 b - a +0 hand crossbow
 h - a +0 short sword
 o - a +0 shortbow
 v - a +2 broad axe of freezing
 y - a +2 dagger of holy wrath
 G - a +0 dagger of chaos
Missiles
 i - 85 bolts
 m - 206 stones
 n - 3 tomahawks (quivered)
 r - 184 arrows
 J - 2 throwing nets
Armour
 c - a +0 ring mail (worn)
 p - a +1 cloak (worn)
 u - a +0 robe
 w - a scarf of cloud immunity
 L - a +0 buckler
Jewellery
 s - an uncursed ring of stealth
 F - a +6 ring of strength (right hand)
 M - a +4 ring of protection (left hand)
 N - an uncursed ring of see invisible {unknown}
Wands
 K - a wand of polymorph (2)
Scrolls
 f - a scroll of blinking
 g - a scroll of identify {@r1}
 x - 4 scrolls of teleportation
 D - 2 scrolls of enchant weapon
 E - a scroll of immolation {unknown}
 H - a scroll of amnesia {unknown}
 I - a scroll of fear {unknown}
Potions
 e - a potion of flight
 j - 3 potions of heal wounds {@q2}
 k - a potion of brilliance
 l - a potion of haste {unknown}
 q - 4 potions of cancellation
 t - a potion of invisibility {unknown}
 z - a potion of degeneration {unknown}
 A - a potion of agility {unknown}
 B - a potion of might
 C - 3 potions of curing {@q1}
Comestibles
 d - 9 rations
 O - 5 chunks of flesh


   Skills:
 + Level 5.6 Fighting
 - Level 3.0 Short Blades
 * Level 8.9 Staves
 - Level 5.1 Dodging
 - Level 5.1 Stealth
 - Level 3.0 Invocations


You had 8 spell levels left.
You didn't know any spells.
Your spell library was empty.

Dungeon Overview and Level Annotations

Branches:
Dungeon (9/15)                Orc (0/2) D:9
 Temple: D:4-7         Lair: D:8-11

Altars:
Cheibriados
Elyvilon
Fedhas
Okawaru
Sif Muna
Trog
Zin
The Shining One

Shops:
D:5 :

Annotations:
D:3 Sigmund
D:4 2 transporters, Natasha
D:8 hornet, Joseph


Innate Abilities, Weirdness & Mutations

You have a pair of small antennae on your head.
You are partially covered in slimy green scales. (AC +2)
You possess an exceptional clarity of mind.
You are very robust. (+20% HP)


Message History

You shoot a bolt. The bolt hits the orc wizard!
The orc wizard is almost dead.
The orc wizard points at you and mumbles some strange words.
The magic dart hits you!
Firing (i - inventory. (/) - cycle)
i - 86 bolts (quivered)
Press: ? - help, Shift-Dir - straight line, f/p - orc wizard
Aim: an orc wizard, wielding a dagger and wearing a robe (almost dead)
You shoot a bolt. The bolt hits the orc wizard!
You kill the orc wizard!
Okawaru accepts your kill.
Wield which item (- for none, * to show all)? (? for menu, Esc to quit)
a - a +0 quarterstaff (weapon)
A tengu warrior comes into view. It is wielding an enchanted long sword.
The tengu warrior shouts!
Enter note: ...
Save game and exit?
Welcome back, Leszczynek the Deep Elf Monk.
Okawaru says: Bring me glory in combat!
Press ? for a list of commands and other information.
Are you sure you want to abandon this character and quit the game? (Confirm with "yes".)

##............
##(............
..(Q...........
#.......>.....
#(....(......
#............
#............
#....@.......
#####.#.##### #...#
##)##### #[[....###
###).........
#############.)......####
.).....)......#......#
###############......#


You could see a tengu warrior.

Vanquished Creatures
  Prince Ribbit (D:5)
  A hippogriff (D:9)
  A warg (D:9)
  A sky beast (D:8)
  A black bear (D:8)
  3 ogres
  3 centaurs
  A big kobold (Sewer)
  3 bullfrogs
  A howler monkey (D:5)
  2 jellies
  3 crimson imps
  2 hounds (D:8)
  3 orc priests (D:9)
  Natasha (twice) (D:4)
  3 iguanas
  4 orc wizards
  7 adders
  3 river rats (Sewer)
  An adder zombie (D:9)
  A worm (D:3)
  3 dart slugs
  3 leopard geckos
  17 orcs
  5 giant cockroaches
  5 hobgoblins
  2 jackals (D:8)
  A quokka (D:2)
  5 ball pythons
  3 bats
  5 frilled lizards
  6 goblins
  18 kobolds
  A leopard gecko zombie (D:8)
  A quokka skeleton (D:4)
  24 rats
146 creatures vanquished.

Vanquished Creatures (others)
  A quokka (D:6)
1 creature vanquished.

Grand Total: 147 creatures vanquished

Notes
Turn   | Place    | Note
-------+----------+-------------------------------------------
     0 | D:1      | Leszczynek the Deep Elf Monk began the quest for the Orb.
     0 | D:1      | Reached XP level 1. HP: 13/13 MP: 3/3
   126 | D:1      | Reached skill level 3 in Stealth
   293 | D:1      | Reached XP level 2. HP: 18/18 MP: 4/4
   372 | D:2      | Gained mutation: You are partially covered in slimy green scales. (AC +2) [potion of mutation]
   372 | D:2      | Gained mutation: You tend to lose your temper in combat. [potion of mutation]
   372 | D:2      | Gained mutation: You are occasionally teleported next to monsters. [potion of mutation]
   372 | D:2      | Gained mutation: You have a pair of small antennae on your head. [potion of mutation]
   373 | D:2      | Lost mutation: You are occasionally teleported next to monsters. [potion of mutation]
   373 | D:2      | Lost mutation: You have a pair of small antennae on your head. [potion of mutation]
   373 | D:2      | Lost mutation: You tend to lose your temper in combat. [potion of mutation]
   373 | D:2      | Gained mutation: You are robust. (+10% HP) [potion of mutation]
   373 | D:2      | Gained mutation: You are very robust. (+20% HP) [potion of mutation]
   373 | D:2      | Gained mutation: You possess an exceptional clarity of mind. [potion of mutation]
   373 | D:2      | Gained mutation: You have a pair of small antennae on your head. [potion of mutation]
   381 | D:2      | Reached skill level 4 in Stealth
   572 | D:1      | Reached XP level 3. HP: 26/26 MP: 5/5
   872 | D:3      | Found an iron altar of Okawaru.
   961 | D:3      | 5/14/0
   999 | D:4      | Noticed Natasha
  1201 | D:3      | Reached skill level 5 in Stealth
  1219 | D:3      | Found a deep blue altar of Sif Muna.
  1385 | D:3      | Noticed Sigmund
  1439 | D:4      | Found a transporter.
  1445 | D:4      | Found a transporter.
  1490 | D:4      | Found a blossoming altar of Fedhas.
  1570 | D:4      | Reached skill level 1 in Staves
  1570 | D:4      | Reached XP level 4. HP: 32/32 MP: 6/6
  1755 | D:5      | Entered Level 5 of the Dungeon
  1789 | D:5      | Reached skill level 3 in Fighting
  1789 | D:5      | Reached skill level 2 in Staves
  1789 | D:5      | Reached XP level 5. HP: 19/38 MP: 7/7
  1892 | D:4      | Killed Natasha
  2163 | D:4      | Reached skill level 3 in Staves
  2178 | D:4      | Noticed Natasha
  2200 | D:4      | Killed Natasha
  2249 | D:4      | Noticed Natasha
  2330 | D:5      | Found a bloodstained altar of Trog.
  2472 | D:6      | Found a glowing drain.
  2477 | D:6      | Noticed a centaur
  2567 | D:6      | Killed a centaur
  2567 | D:6      | Reached skill level 4 in Staves
  2567 | D:6      | Reached skill level 4 in Dodging
  2567 | D:6      | Reached XP level 6. HP: 31/44 MP: 8/8
  2678 | Sewer    | Entered a sewer
  3139 | Sewer    | +0 hand xbow
  3171 | Sewer    | 6 HW
  3333 | D:5      | Found Dufudec's Book Shoppe.
  3341 | D:5      | Reached XP level 7. HP: 38/49 MP: 9/9
  3375 | D:5      | +6 str ring
  3457 | D:3      | Became a worshipper of Warmaster Okawaru
  3457 | D:3      | Reached * piety under Okawaru
  3457 | D:3      | Reached ** piety under Okawaru
  3458 | D:3      | fuck it
  3523 | D:5      | Noticed Prince Ribbit
  3565 | D:5      | Reached skill level 5 in Staves
  3570 | D:5      | Killed Prince Ribbit
  3570 | D:5      | Reached skill level 5 in Dodging
  3717 | D:6      | Reached skill level 4 in Fighting
  3717 | D:6      | Reached skill level 6 in Staves
  3840 | D:7      | You fall through a shaft!
  3850 | D:7      | Noticed a hippogriff
  3865 | D:8      | Noticed Joseph
  3911 | D:8      | Found a white marble altar of Elyvilon.
  3912 | D:8      | Found a glowing golden altar of the Shining One.
  3913 | D:8      | Found a glowing silver altar of Zin.
  3963 | D:8      | HP: 2/51 [ogre/giant spiked club (22)]
  3964 | D:8      | Reached XP level 8. HP: 2/57 MP: 7/10
  4265 | D:9      | Reached skill level 7 in Staves
  4395 | D:8      | Reached skill level 1 in Invocations
  4509 | D:8      | Noticed a hornet
  4510 | D:8      | Found a snail-covered altar of Cheibriados.
  4601 | D:8      | Reached skill level 3 in Invocations
  4773 | D:7      | Reached skill level 5 in Fighting
  4972 | D:9      | Noticed a hippogriff
  4991 | D:9      | Killed a hippogriff
  4991 | D:9      | Reached *** piety under Okawaru
  4991 | D:9      | Reached skill level 8 in Staves
  5049 | D:9      | Found a staircase to the Orcish Mines.
  5233 | D:9      | Reached XP level 9. HP: 52/64 MP: 11/13
  5336 | D:9      | Noticed a tengu warrior
  5337 | D:9      | ...
  5337 | D:9      | Upgraded the game from 0.22-a0-858-g985ef60 to 0.22-a0-866-geee5034
  5337 | D:9      | Quit the game

Vault maps used:
D:1:      scummos_arrival_gate, serial_bayou_crossing
D:2:      kennysheep_big_flooded_room, grunt_dithmenos_smoke,
          minmay_tetromino_s4
D:3:      lemuel_round_altar, first_ration, okawaru_metal_pillars_3,
          uniq_sigmund
D:4:      gammafunk_wand_slinger, fedhas_altar_1, serial_shops,
          nicolae_shop_stone, minmay_misc_feat_four_crosses, uniq_natasha
D:5:      grunt_temple_overflow_champion_of_chaos, lemuel_crystal_altar,
          temple_green, serial_shops, nicolae_shop_trees, uniq_prince_ribbit1
D:6:      serial_shops, shop, cheibrodos_sewer_entry_drain, chequers_big_river
D:7:      basic_altar
D:8:      good_gods_temple_1, kennysheep_mini, serial_co_window_serial,
          co_window_paths_b, co_window_paths_b, co_window_corner_a,
          co_window_corner_a, co_window_paths_a, co_window_unsneaky_path_b,
          co_window_corner_cb, co_window_broadway_c, co_window_corner_cb,
          co_window_corner_b, uniq_joseph
D:9:      david_orc_3
Sewer:    sewer_minmay_treatment

Skill      XL: |  1  2  3  4  5  6  7  8 |
---------------+-------------------------+-----
Stealth        | 3 4 5 |  5.1
Staves         | 1 2 4 6 8 |  8.9
Fighting       | 3 4 5 |  5.6
Dodging        | 4 5 |  5.1
Invocations    | 3 |  3.0
Short Blades   | |  3.0

Action                   |  1- 3 |  4- 6 |  7- 9 || total
-------------------------+-------+-------+-------++-------
Melee: Short sword       |   143 |     8 |       ||   151
       Quarterstaff      |    14 |   175 |   219 ||   408
 Fire: Shortbow          |       |     8 |       ||     8
       Hand crossbow     |       |       |    49 ||    49
Throw: Stone             |       |     2 |       ||     2
       Tomahawk          |       |     6 |     1 ||     7
Invok: Heroism           |       |       |     8 ||     8
Evoke: Wand              |       |       |     6 ||     6
  Use: Potion            |     4 |     8 |     5 ||    17
       Scroll            |       |     6 |     4 ||    10
 Stab: Sleeping          |    12 |     8 |     2 ||    22
  Eat: Chunk             |     3 |     4 |     7 ||    14
       Ration            |       |     1 |       ||     1
Armor: Robe              |    29 |    28 |    28 ||    85
       Skin              |    13 |    47 |       ||    60
       Ring mail         |       |       |    29 ||    29
Dodge: Dodged            |    99 |   119 |   142 ||   360

Table legend:
 A = Spawn XP
 B = Non-spawn XP
 C = Spawn XP percentage of total XP
 D = Spawn monster count
 E = Non-spawn monster count
 F = Spawn count percentage of total count
 G = Total turns spent on level
                    A         B        C        D         E        F      G
               +---------+---------+-------+---------+---------+-------+---------
         Total |       0 |    3202 |   0.0 |       0 |     146 |   0.0 |  5337
               +---------+---------+-------+---------+---------+-------+---------
           D:1 |       0 |      18 |   0.0 |       0 |      10 |   0.0 |   440
           D:2 |       0 |      42 |   0.0 |       0 |      15 |   0.0 |   429
           D:3 |       0 |      18 |   0.0 |       0 |       8 |   0.0 |   512
           D:4 |       0 |     196 |   0.0 |       0 |      12 |   0.0 |  1008
           D:5 |       0 |     423 |   0.0 |       0 |       5 |   0.0 |   319
           D:6 |       0 |     269 |   0.0 |       0 |       5 |   0.0 |   466
           D:7 |       0 |     296 |   0.0 |       0 |       5 |   0.0 |   258
           D:8 |       0 |     695 |   0.0 |       0 |      17 |   0.0 |   712
           D:9 |       0 |    1032 |   0.0 |       0 |      21 |   0.0 |   590
         Sewer |       0 |     213 |   0.0 |       0 |      48 |   0.0 |   603
               +---------+---------+-------+---------+---------+-------+---------
